 Dungeon Crawl Stone Soup version 0.18.1-48-g4cf74bf (webtiles) character file.

67 Nuatha the Sneak (level 4, -6/30 HPs)
             Began as an Octopode Assassin on Aug 9, 2016.
             Killed from afar by an orc wizard (8 damage)
             ... with a magic dart
             ... on level 3 of the Dungeon.
             The game lasted 00:04:55 (2600 turns).

Nuatha the Sneak (Octopode Assassin)                Turns: 2600, Time: 00:04:56

Health: -6/30      AC:  1    Str: 10    XL:     4   Next: 18%
Magic:  4/4        EV: 12    Int: 13    God:
Gold:   114        SH:  0    Dex: 14    Spells: 0 memorised, 3 levels left

rFire  . . .     SeeInvis .     b - +0 blowgun
rCold  . . .     Gourm    .     (no shield)
rNeg   . . .     Faith    .     (helmet restricted)
rPois  .         Spirit   .     (no amulet)
rElec  .         Dismiss  .     (no ring)
rCorr  .         Reflect  .     (no ring)
SustAt .         Harm     .     (no ring)
MR     .....                    (no ring)
Stlth  +++++.....               (no ring)
                                (no ring)
                                (no ring)
                                (no ring)

@: slowed, very slow, not resistant to hostile enchantments, quite stealthy
A: almost no armour, amphibious, 8 rings, constrict 8, camouflage 1, gelatinous
body 1
a: no special abilities


You were on level 3 of the Dungeon.
You were hungry.

You visited 1 branch of the dungeon, and saw 3 of its levels.

You collected 114 gold pieces.

Inventory:

Hand Weapons
 a - a +2 dagger
 b - a +0 blowgun (weapon)
Missiles
 c - 11 poisoned needles (quivered)
 d - 2 curare-tipped needles
Jewellery
 p - an uncursed ring of resist corrosion {unknown}
Scrolls
 e - a scroll of random uselessness {unknown}
 j - a scroll of teleportation {unknown}
 k - a scroll of immolation {unknown}
 m - 2 scrolls of recharging {unknown}
 n - a scroll of blinking {unknown}
Potions
 g - 2 potions of flight
 h - 2 potions of berserk rage
 i - a potion of might {unknown}
 l - a potion of heal wounds {unknown}
 o - a potion of degeneration {unknown}
Comestibles
 f - a bread ration


   Skills:
 + Level 2.3 Fighting
 * Level 2.8 Short Blades
 - Level 2.0 Throwing
 + Level 1.1 Dodging
 + Level 6.8 Stealth


You had 3 spell levels left.
You didn't know any spells.

Dungeon Overview and Level Annotations

Branches:
Dungeon (3/15)

Altars:

Annotations:
D:3 Gottschkopf's ghost, amateur DrTm; Terence


Innate Abilities, Weirdness & Mutations

You cannot wear most types of armour.
You are amphibious.
You can wear up to eight rings at the same time.
You can use your tentacles to constrict eight enemies at once.
Your skin changes colour to match your surroundings (Stealth).
Your rubbery body absorbs attacks (AC +1).


Message History

Firing (i - inventory. (,) - cycle):
c - 13 poisoned needles (quivered)
Press: ? - help, Shift-Dir - straight line, f - orc wizard
Aim: an orc wizard, wielding a dagger and wearing a robe (heavily wounded, fast)
You shoot a poisoned needle.
The poisoned needle hits the orc wizard.
The orc wizard is poisoned.
The orc wizard is heavily wounded.
The orc wizard gestures wildly while chanting.
The orc wizard blinks!
Firing (i - inventory. (,) - cycle):
c - 12 poisoned needles (quivered)
Press: ? - help, Shift-Dir - straight line, f/p - orc wizard
Aim: an orc wizard, wielding a dagger and wearing a robe (heavily wounded, fast, poisoned)
You shoot a poisoned needle.
The poisoned needle barely misses the orc wizard.
The orc wizard casts a spell at you. The magic dart hits you!
* * * LOW HITPOINT WARNING * * *
The orc wizard gestures at you while chanting.
The magic dart hits you!
You die...

# . #################.#.##
#$.....#.......)......
#......#.............. #...
#......#.............. #...
#......%........#..... . ...
.#...........###.#..... ..
#..(..o....@.............##
...##....#######.))..........#
#................##...........
#......############...........
#.. #.........†.##.........#.
#... +...#######..'#####.....
#....#...##.# ###.....#.....
#.........#'##########.#.....
..####).............#


You could see an orc wizard.

Vanquished Creatures
  An ooze (D:2)
  A worm (D:3)
  A dart slug (D:1)
  2 giant geckos
  4 orcs (D:3)
  7 bats
  6 goblins
  11 hobgoblins
  6 kobolds
  2 giant newts (D:1)
  6 rats
47 creatures vanquished.

Notes
Turn   | Place    | Note
--------------------------------------------------------------
     0 | D:1      | Nuatha the Octopode Assassin began the quest for the Orb.
     0 | D:1      | Reached XP level 1. HP: 14/14 MP: 1/1
   225 | D:1      | Reached XP level 2. HP: 9/19 MP: 2/2
   785 | D:1      | Reached skill level 6 in Stealth
   797 | D:1      | Reached XP level 3. HP: 24/24 MP: 3/3
  2121 | D:3      | Noticed Terence
  2291 | D:3      | Noticed Gottschkopf's ghost (amateur DrTm)
  2338 | D:3      | Reached XP level 4. HP: 13/29 MP: 4/4
  2600 | D:3      | Killed from afar by an orc wizard

Skill      XL: |  1  2 |
---------------+-------+-----
Stealth        | 6 |  6.8
Fighting       | |  2.3
Short Blades   | |  2.8
Throwing       | |  2.0
Dodging        | |  1.1

Action                   |  1- 3 |  4- 6 || total
-------------------------+-------+-------++-------
Melee: Dagger            |    74 |    18 ||    92
       Constrict         |    17 |     4 ||    21
       Tentacles         |     9 |     4 ||    13
 Fire: Blowgun           |       |     2 ||     2
  Use: Scroll            |     2 |       ||     2
 Stab: Sleeping          |    14 |     1 ||    15
  Eat: Bread ration      |     1 |       ||     1
Armor: Skin              |     3 |     1 ||     4
Dodge: Dodged            |    25 |     5 ||    30
